 Dungeon Crawl Stone Soup version 0.31.0-9-g3a7656b989 (webtiles) character file.

Game seed: 17225481732546080301

94 qw the Shooter (level 4, 0/36 HPs)
             Began as a Demigod Hunter on Feb 2, 2024.
             Slain by Natasha (7 damage)
             ... on level 2 of the Dungeon.
             The game lasted 00:00:05 (1256 turns).

qw the Shooter (Demigod Hunter)                     Turns: 1256, Time: 00:00:06

Health: 0/36       AC:  5    Str: 12    XL:     4   Next: 16%
Magic:  6/6        EV: 11    Int: 11    God:
Gold:   66         SH:  0    Dex: 21    Spells: 3/3 levels left

rFire   . . .        a - +0 shortbow
rCold   . . .        (shield currently unavailable)
rNeg    . . .        f - +0 ring mail
rPois   .            (no helmet)
rElec   .            (no cloak)
rCorr   .            (no gloves)
SInv    .            (no boots)
Will    .....        (no amulet)
Stlth   +            (no ring)
HPRegen 0.26/turn    (no ring)
MPRegen 0.10/turn

%: no passive effects
@: no status effects
A: high MP 1, forlorn, divine attributes
a: no special abilities


You were on level 2 of the Dungeon.
You visited 1 branch of the dungeon, and saw 2 of its levels.

You collected 66 gold pieces.


Innate Abilities, Weirdness & Mutations

You have an increased reservoir of magic. (+10% MP)
You shall have no god before yourself.
Your divine heritage dramatically boosts your attributes as you level up.


   Skills:
 - Level 2.0 Fighting
 - Level 5.2 Ranged Weapons
 + Level 0.0 Armour
 - Level 2.0 Dodging
 - Level 0.8 Stealth


You had 3 spell levels left.
You didn't know any spells.
Your spell library was empty.

Inventory:

Hand Weapons
 a - a +0 shortbow (weapon)
Armour
 f - a +0 ring mail (worn)
Jewellery
 h - an amulet of guardian spirit
Scrolls
 c - a scroll of teleportation {unknown}
 d - a scroll of identify
 g - a scroll of enchant weapon {unknown}
 i - a scroll of fear {unknown}
Potions
 b - 2 potions of mutation {unknown}
 e - a potion of cancellation

Dungeon Overview and Level Annotations

Branches:
Dungeon (2/15)

Annotations:
D:2 Natasha


Message History

1243 ||| FLEEEEING.
1244 ||| FLEEEEING.
1245 ||| FLEEEEING.
1246 ||| FLEEEEING.
1247 ||| FLEEEEING.
1248 ||| FLEEEEING.
You shoot an arrow. The arrow hits Natasha.
Natasha is moderately wounded.
You shoot an arrow. The arrow closely misses Natasha.
The arrow barely misses the cerulean imp.
You shoot an arrow. The arrow closely misses Natasha.
The arrow completely misses the cerulean imp.
The cerulean imp hits you from afar with a +0 spear.
Natasha claws you.
You shoot an arrow. The arrow hits Natasha!
Natasha is severely wounded.
The cerulean imp closely misses you. Natasha claws you.
You shoot an arrow. The arrow closely misses Natasha.
The arrow closely misses the cerulean imp.
The cerulean imp hits you from afar with a +0 spear.
Natasha claws you but does no damage.
The cerulean imp hits you but does no damage.
Natasha wildly gestures.
Natasha glows brightly for a moment.
Natasha closely misses you.
You shoot an arrow. The arrow closely misses Natasha.
The arrow hits the cerulean imp.
The cerulean imp is lightly wounded.
The cerulean imp hits you from afar with a +0 spear.
Natasha claws you.
You shoot an arrow. The arrow hits Natasha.
Natasha is almost dead.
The cerulean imp hits you from afar with a +0 spear.
Natasha mewls in sadness.
Natasha closely misses you.
You shoot an arrow. The arrow barely misses Natasha.
The arrow completely misses the cerulean imp.
The cerulean imp barely misses you. Natasha claws you!
You die...
Natasha begins licking her fur clean.

#...........# #.#########.# #.#
#.# #.# #.# #.# #.###############
#.# #...............# #.#
#################.####### ###.##
#.......<................
.....####.######@.........#####.#
................h...#.##### #.#
........#.#.#...5.....# #.#
#######.#.#......##.#.# #.#
........#.#....#.##.#.# #%#
#.............|#.##.#.# #.#
...............#.##.#.# #.#
#...#..........#.##.#.# #.#
.#..#...#'#....#.##.#.# #.#


You could see Natasha and a cerulean imp (summoned).

Vanquished Creatures
  Natasha (twice) (D:2)
  A dart slug (D:1)
  A ribbon worm (D:2)
  6 endoplasms (D:1)
  2 giant cockroaches (D:1)
  7 goblins
  4 hobgoblins (D:1)
  2 quokkas (D:1)
  A ball python (D:2)
  4 bats (D:1)
  4 frilled lizards
  3 kobolds (D:1)
  3 rats
40 creatures vanquished.

Notes
Turn   | Place    | Note
-------+----------+-------------------------------------------
     0 | D:1      | qw the Demigod Hunter began the quest for the Orb.
     0 | D:1      | Reached XP level 1. HP: 17/17 MP: 3/3
     0 | D:1      | 0 ||| qw: Version: 0.3-a-155-g5e7d8dd
     0 | D:1      | 0 ||| qw: Game counter: 86
     0 | D:1      | 0 ||| qw: Melee chars always use a shield: true
     0 | D:1      | 0 ||| qw: God list: Okawaru
     0 | D:1      | 0 ||| qw: Allow faded altars: false
     0 | D:1      | 0 ||| qw: Do Orc after clearing Dungeon:15 true
     0 | D:1      | 0 ||| qw: Do second Lair branch before Depths: true
     0 | D:1      | 0 ||| qw: Lair rune preference: random
     0 | D:1      | 0 ||| qw: Goals: Normal
     0 | D:1      | 0 ||| PLANNING D:1-11
    97 | D:1      | Reached skill level 4 in Ranged Weapons
   165 | D:1      | Reached XP level 2. HP: 24/24 MP: 4/4
   253 | D:1      | HP: 6/24 [quokka (1)]
   555 | D:1      | Reached XP level 3. HP: 29/29 MP: 5/5
   689 | D:1      | 689 ||| UPGRADING to +0 ring mail.
   699 | D:1      | 699 ||| DROPPING +0 leather armour.
   700 | D:1      | 700 ||| READING scroll labelled RYB TITUGHE.
   701 | D:1      | 701 ||| READING scroll labelled VEK ORUIRGHOLE.
   701 | D:1      | 701 ||| IDENTIFYING green potion
   702 | D:1      | 702 ||| READING scroll labelled UPAEFE OTORUFO.
   703 | D:1      | 703 ||| DROPPING scroll of butterflies.
   705 | D:1      | 705 ||| Stepping ~*~*~tactically~*~*~ (cloud).
   812 | D:2      | Noticed Natasha
   815 | D:2      | Killed Natasha
   946 | D:2      | Noticed Natasha
   958 | D:2      | Killed Natasha
   959 | D:2      | Reached skill level 5 in Ranged Weapons
   959 | D:2      | Reached XP level 4. HP: 16/36 MP: 6/6
  1073 | D:2      | 1073 ||| FLEEEEING.
  1074 | D:2      | 1074 ||| FLEEEEING.
  1075 | D:2      | 1075 ||| FLEEEEING.
  1076 | D:2      | 1076 ||| FLEEEEING.
  1077 | D:2      | 1077 ||| FLEEEEING.
  1078 | D:2      | 1078 ||| FLEEEEING.
  1079 | D:2      | 1079 ||| FLEEEEING.
  1080 | D:2      | 1080 ||| FLEEEEING.
  1234 | D:2      | Noticed Natasha
  1236 | D:2      | 1236 ||| FLEEEEING.
  1237 | D:2      | 1237 ||| FLEEEEING.
  1238 | D:2      | 1238 ||| FLEEEEING.
  1239 | D:2      | 1239 ||| FLEEEEING.
  1240 | D:2      | 1240 ||| FLEEEEING.
  1241 | D:2      | 1241 ||| FLEEEEING.
  1242 | D:2      | 1242 ||| FLEEEEING.
  1243 | D:2      | 1243 ||| FLEEEEING.
  1244 | D:2      | 1244 ||| FLEEEEING.
  1245 | D:2      | 1245 ||| FLEEEEING.
  1246 | D:2      | 1246 ||| FLEEEEING.
  1247 | D:2      | 1247 ||| FLEEEEING.
  1248 | D:2      | 1248 ||| FLEEEEING.
  1254 | D:2      | HP: 9/36 [Natasha (2)]
  1256 | D:2      | Slain by Natasha

Levels and vault maps discovered:
D:1:      dpeg_arrival_pits, layout_loops_ring,
          shapermc_ecumenical_altar_starsandcircs, minmay_bisected
D:2:      minmay_spotlight, layout_basic, serial_shops,
          nicolae_book_shop_shelving, uniq_sigmund, uniq_natasha,
          uniq_crazy_yiuf_cottage

Skill      XL: |  1  2  3  4 |
---------------+-------------+-----
Ranged Weapons | 4 5 |  5.2
Fighting       | 2 |  2.0
Dodging        | 2 |  2.0
Stealth        | |  0.8

Action                     |  1- 3 |  4- 6 || total
---------------------------+-------+-------++-------
   Fire: Shortbow          |   100 |    27 ||   127
    Use: Scroll            |     3 |       ||     3
 Armour: Leather armour    |    27 |       ||    27
         Ring mail         |    14 |    12 ||    26
  Dodge: Dodged            |    38 |     6 ||    44

Table legend:
 A = Non-vault XP
 B = Vault XP
 C = Vault XP percentage of total XP
 D = Non-vault monster count
 E = Vault monster count
 F = Vault count percentage of total count
                 A         B        C        D         E       F
            +---------+---------+-------+---------+---------+-------
      Total |      89 |      46 |  34.1 |      34 |       6 |  15.0
            +---------+---------+-------+---------+---------+-------
        D:1 |      39 |      10 |  20.4 |      25 |       5 |  16.7
        D:2 |      50 |      36 |  41.9 |       9 |       1 |  10.0
            +---------+---------+-------+---------+---------+-------
